Sharks vs Penguins
Created - January 24, 2024 at 19:55
Goals
|
| Sharks |
1 |
0 |
2 |
3 |
| Penguins |
2 |
2 |
1 |
5 |
|
Shots
|
| Sharks |
9 |
12 |
9 |
30 |
| Penguins |
14 |
7 |
12 |
33 |
|
1st period
1. Penguins , Mark Scheifele 23 (Marcus Johansson 15, Tyson Barrie 8) at 2:49
2. Penguins , Dmitrij Jaskin 5 (Brandon Tanev 6, Evan Rodrigues 3) at 7:50
3. Sharks , Conor Sheary 12 (Oscar Sundqvist 15, Philipp Grubauer) at 11:15
Penalties :
Mike Lundin (S.J) for Slashing (Minor) at 7:53, Andreas Martinsen (S.J) for Hooking (Minor) at 13:24
2nd period
4. Penguins , Marcus Johansson 14 (Sebastian Aho 26) at 0:13
5. Penguins , Evan Rodrigues 3 (Keith Aulie 10) at 7:24
Penalties :
Oscar Sundqvist (S.J) for Hooking (Minor) at 5:10, Braden Holtby (Pit) for Slashing (Minor) at 11:04 - Keith Aulie served the penalty
3rd period
6. Sharks , Gustav Nyquist 5 (Markus Nutivaara 8, Brandon Kozun 1) at 5:41
7. Penguins , Mark Scheifele 24 (Sebastian Aho 27) at 6:43 (PP)
8. Sharks , Zach Parise 10 (Wayne Simmonds 21, Drew Doughty 37) at 16:43
Penalties :
Andreas Martinsen (S.J) for Tripping (Minor) at 6:42, Pavel Zacha (Pit) for Interference (Minor) at 7:26, Tom Wilson (Pit) for Hooking (Minor) at 17:09
Goalie Stats
Malcolm Subban (S.J), 15 saves from 16 shots - (0.938), 32:36 minutes
Philipp Grubauer (S.J), 13 saves from 17 shots - (0.765), L, 11-17-2, 27:24 minutes
Braden Holtby (Pit), 27 saves from 30 shots - (0.900), W, 5-3-3, 60:00 minutes
Players Stats for Sharks
Player Name G A P +/- PIM S H SB GA TA FO MP PP MP PK MP
------------------------------------------------------------------------------------
Andreas Martinsen 0 0 0 0 4 0 0 0 1 0 0/1 17:57 2:53 1:11
Beau Bennett 0 0 0 -1 0 1 0 0 0 0 0/0 11:14 0:03 0:00
Boone Jenner 0 0 0 1 0 3 0 1 1 0 15/30 20:34 3:04 3:02
Brandon Kozun 0 1 1 -1 0 2 0 1 0 0 0/0 9:24 0:00 0:00
Brendan Gaunce 0 0 0 -1 0 5 2 0 0 0 6/8 11:42 0:00 1:14
Connor Murphy 0 0 0 -1 0 0 1 0 0 0 0/0 11:50 0:00 0:00
Conor Sheary 1 0 1 0 0 3 2 0 0 1 1/1 16:19 2:53 0:00
Daniel Carcillo 0 0 0 -1 0 3 0 0 0 0 0/0 11:58 0:00 1:31
Dion Phaneuf 0 0 0 -1 0 0 1 1 0 1 0/0 21:38 2:29 2:37
Drew Doughty 0 1 1 1 0 3 1 0 1 1 0/0 26:32 3:28 3:21
Gustav Nyquist 1 0 1 -1 0 1 2 0 0 0 0/2 9:24 0:00 0:08
Markus Nutivaara 0 1 1 -2 0 1 0 0 0 0 0/0 11:27 0:00 0:36
Mike Lundin 0 0 0 2 2 2 5 1 0 3 0/0 26:16 3:28 2:02
Oscar Sundqvist 0 1 1 0 2 2 2 0 0 0 4/8 18:08 2:53 1:34
Tyler Cuma 0 0 0 -1 0 1 0 5 0 1 0/0 22:21 2:29 3:20
Vince Hinostroza 0 0 0 -1 0 1 0 0 0 0 0/0 9:09 0:00 0:00
Wayne Simmonds 0 1 1 1 0 1 2 1 1 0 1/1 17:02 3:01 0:00
Zach Parise 1 0 1 1 0 1 1 2 1 0 1/3 21:03 3:04 3:16
Players Stats for Penguins
Player Name G A P +/- PIM S H SB GA TA FO MP PP MP PK MP
------------------------------------------------------------------------------------
Brandon Tanev 0 1 1 2 0 2 0 0 0 0 0/0 10:44 0:00 1:41
Derek Stepan 0 0 0 0 0 2 0 0 0 0 3/11 15:59 2:49 0:40
Dmitrij Jaskin 1 0 1 2 0 7 0 1 1 0 0/0 9:43 0:24 0:00
Evan Rodrigues 1 1 2 2 0 1 0 0 0 0 2/5 9:03 0:00 0:00
Keith Aulie 0 1 1 1 0 0 1 1 2 3 0/0 21:26 2:50 2:29
Marcus Foligno 0 0 0 0 0 1 3 0 0 0 0/0 18:04 2:49 2:48
Marcus Johansson 1 1 2 2 0 6 2 0 0 1 1/2 19:49 2:45 1:35
Mark Scheifele 2 0 2 2 0 4 1 0 1 0 3/3 21:19 2:45 3:04
Max Reinhart 0 0 0 -3 0 1 3 0 0 0 0/4 12:22 0:24 1:19
Neal Pionk 0 0 0 2 0 2 0 1 0 0 0/0 16:43 2:50 3:04
Nick Leddy 0 0 0 -1 0 1 2 1 0 1 0/0 27:28 3:08 2:07
Oscar Klefbom 0 0 0 -1 0 2 2 3 1 0 0/0 28:22 3:08 3:36
Pavel Buchnevich 0 0 0 -3 0 0 2 0 0 0 0/1 11:12 0:24 0:00
Pavel Zacha 0 0 0 0 2 1 0 1 0 0 0/0 15:39 2:49 0:00
Sebastian Aho 0 2 2 2 0 1 3 2 2 0 17/28 18:38 2:45 0:00
Shea Weber 0 0 0 0 0 1 2 0 0 0 0/0 15:42 0:00 0:38
Tom Wilson 0 0 0 -3 2 0 0 3 0 0 0/0 11:28 0:00 0:47
Tyson Barrie 0 1 1 1 0 1 0 1 0 0 0/0 10:20 0:00 0:00
3 Stars
1 - Mark Scheifele (Pit)
2 - Marcus Johansson (Pit)
3 - Evan Rodrigues (Pit)
Power Play
Sharks - 0 on 3 Attempt(s) - 0.00%
Penguins - 1 on 4 Attempt(s) - 25.00%
Penalty Kill
Sharks - 3 on 4 Attempt(s) - 75.00%
- Score 0 goal in Penalty Kill
Penguins - 3 on 3 Attempt(s) - 100.00%
- Score 0 goal in Penalty Kill
Team Stat
Sharks - Hits : 19 - Faceoff Wins : 28 - Blocked Shots : 12 - Penalty Minutes : 8
Penguins - Hits : 21 - Faceoff Wins : 26 - Blocked Shots : 14 - Penalty Minutes : 6
Official
Referees : Gord Dwyer and Tim Peel
Linesman : Jesse Marquis and Andrew Smith
Game Notes
Malcolm Subban enters game at 7:24 of 2nd period
Finance
Level 1 -- Attendance: 6000 (100.00%) -- Ticket Income $600,000
Level 2 -- Attendance: 4730 (94.60%) -- Ticket Income $283,800
Level 3 -- Attendance: 2000 (100.00%) -- Ticket Income $70,000
Level 4 -- Attendance: 3576 (89.40%) -- Ticket Income $89,400
Luxury Box -- Attendance: 893 (89.30%) -- Ticket Income $178,600
Game was played at the PPG Paint Arena.
Total Attendance: 17199 (95.55%)
Total Ticket Income: $1,221,800
Other Income: $183,270
Total Income: $1,405,070
Sharks
5 vs 5 Forward
Center Left Wing Right Wing Time % Phy DF OF
1 Boone Jenner Zach Parise Wayne Simmonds 40 1 2 2
2 Oscar Sundqvist Andreas Martinsen Conor Sheary 30 1 2 2
3 Brendan Gaunce Daniel Carcillo Beau Bennett 20 1 2 2
4 Gustav Nyquist Brandon Kozun Vince Hinostroza 10 1 2 2
5 vs 5 Defense
Defense Defense Time % Phy DF OF
1 Drew Doughty Mike Lundin 40 1 2 2
2 Dion Phaneuf Tyler Cuma 30 1 2 2
3 Markus Nutivaara Connor Murphy 20 1 2 2
4 Drew Doughty Mike Lundin 10 1 2 2
PowerPlay Forward
Center Left Wing Right Wing Time % Phy DF OF
1 Boone Jenner Zach Parise Wayne Simmonds 60 0 2 3
2 Oscar Sundqvist Andreas Martinsen Conor Sheary 40 0 2 3
PowerPlay Defense
Defense Defense Time % Phy DF OF
1 Drew Doughty Mike Lundin 60 0 2 3
2 Dion Phaneuf Tyler Cuma 40 0 2 3
Penalty Kill 4 Players Forward
Center Wing Time % Phy DF OF
1 Boone Jenner Zach Parise 60 1 4 0
2 Oscar Sundqvist Andreas Martinsen 40 1 4 0
Penalty Kill 4 Players Defense
Defense Defense Time % Phy DF OF
1 Drew Doughty Mike Lundin 60 1 4 0
2 Dion Phaneuf Tyler Cuma 40 1 4 0
Penalty Kill - 3 Players Forward
Forward Time % Phy DF OF
1 Boone Jenner 60 1 4 0
2 Oscar Sundqvist 40 1 4 0
Penalty Kill - 3 Players Defense
Defense Defense Time % Phy DF OF
1 Drew Doughty Mike Lundin 60 1 4 0
2 Dion Phaneuf Tyler Cuma 40 1 4 0
4 vs 4 Forward
Center Wing Time % Phy DF OF
1 Boone Jenner Zach Parise 60 0 2 3
2 Oscar Sundqvist Andreas Martinsen 40 0 2 3
4 vs 4 Defense
Defense Defense Time % Phy DF OF
1 Drew Doughty Mike Lundin 60 0 2 3
2 Dion Phaneuf Tyler Cuma 40 0 2 3
Last Minutes Offensive
Center Left Wing Right Wing Defense Defense
Boone Jenner Zach Parise Wayne Simmonds Drew Doughty Mike Lundin
Last Minutes Defensive
Center Left Wing Right Wing Defense Defense
Boone Jenner Zach Parise Wayne Simmonds Drew Doughty Mike Lundin
Goaltenders
Starting : Philipp Grubauer
Backup : Malcolm Subban
Extra Forwards
Normal : Oscar Sundqvist, Beau Bennett, Andreas Martinsen - PP : Oscar Sundqvist, Beau Bennett - PK : Oscar Sundqvist
Extra Defensemen
Normal : Tyler Cuma, Markus Nutivaara, Connor Murphy - PP : Tyler Cuma - PK : Tyler Cuma, Markus Nutivaara
Penalty Shots
Wayne Simmonds, Conor Sheary, Zach Parise, Boone Jenner, Oscar Sundqvist
Custom OT Lines Forwards
Wayne Simmonds, Conor Sheary, Zach Parise, Boone Jenner, Oscar Sundqvist, Beau Bennett, Andreas Martinsen, Daniel Carcillo, Brendan Gaunce, Gustav Nyquist
Custom OT Lines Defensemen
Drew Doughty, Mike Lundin, Dion Phaneuf, Tyler Cuma, Markus Nutivaara
Scratches
Arturs Kulda (Healthy), Ronalds Kenins (Healthy), MacKenzie Weegar (Healthy)
Penguins
5 vs 5 Forward
Center Left Wing Right Wing Time % Phy DF OF
1 Sebastian Aho Marcus Johansson Mark Scheifele 40 1 2 2
2 Derek Stepan Pavel Zacha Marcus Foligno 30 1 2 2
3 Max Reinhart Pavel Buchnevich Tom Wilson 20 1 2 2
4 Evan Rodrigues Brandon Tanev Dmitrij Jaskin 10 1 2 2
5 vs 5 Defense
Defense Defense Time % Phy DF OF
1 Oscar Klefbom Nick Leddy 40 1 2 2
2 Shea Weber Keith Aulie 30 1 2 2
3 Neal Pionk Tyson Barrie 20 1 2 2
4 Oscar Klefbom Nick Leddy 10 1 2 2
PowerPlay Forward
Center Left Wing Right Wing Time % Phy DF OF
1 Sebastian Aho Marcus Johansson Mark Scheifele 60 1 1 3
2 Derek Stepan Pavel Zacha Marcus Foligno 40 1 1 3
PowerPlay Defense
Defense Defense Time % Phy DF OF
1 Oscar Klefbom Nick Leddy 60 1 1 3
2 Neal Pionk Keith Aulie 40 1 1 3
Penalty Kill 4 Players Forward
Center Wing Time % Phy DF OF
1 Mark Scheifele Marcus Foligno 60 1 3 1
2 Max Reinhart Tom Wilson 40 1 3 1
Penalty Kill 4 Players Defense
Defense Defense Time % Phy DF OF
1 Oscar Klefbom Keith Aulie 60 1 3 1
2 Nick Leddy Neal Pionk 40 1 3 1
Penalty Kill - 3 Players Forward
Forward Time % Phy DF OF
1 Mark Scheifele 60 1 3 1
2 Max Reinhart 40 1 3 1
Penalty Kill - 3 Players Defense
Defense Defense Time % Phy DF OF
1 Oscar Klefbom Keith Aulie 60 1 3 1
2 Nick Leddy Neal Pionk 40 1 3 1
4 vs 4 Forward
Center Wing Time % Phy DF OF
1 Sebastian Aho Mark Scheifele 60 1 2 2
2 Derek Stepan Pavel Zacha 40 1 2 2
4 vs 4 Defense
Defense Defense Time % Phy DF OF
1 Oscar Klefbom Nick Leddy 60 1 2 2
2 Shea Weber Keith Aulie 40 1 2 2
Last Minutes Offensive
Center Left Wing Right Wing Defense Defense
Sebastian Aho Marcus Johansson Mark Scheifele Oscar Klefbom Nick Leddy
Last Minutes Defensive
Center Left Wing Right Wing Defense Defense
Max Reinhart Brandon Tanev Marcus Foligno Oscar Klefbom Keith Aulie
Goaltenders
Starting : Braden Holtby
Backup : Ilya Samsonov
Extra Forwards
Normal : Mark Scheifele, Pavel Zacha, Pavel Buchnevich - PP : Mark Scheifele, Pavel Zacha - PK : Brandon Tanev
Extra Defensemen
Normal : Oscar Klefbom, Keith Aulie, Tyson Barrie - PP : Tyson Barrie - PK : Oscar Klefbom, Keith Aulie
Penalty Shots
Mark Scheifele, Sebastian Aho, Pavel Zacha, Marcus Johansson, Pavel Buchnevich
Custom OT Lines Forwards
Mark Scheifele, Derek Stepan, Marcus Foligno, Marcus Johansson, Pavel Buchnevich, Max Reinhart, Tom Wilson, Pavel Zacha, Sebastian Aho, Brandon Tanev
Custom OT Lines Defensemen
Oscar Klefbom, Keith Aulie, Nick Leddy, Neal Pionk, Shea Weber
Scratches
None
% Time on Ice - Sharks
Lines # - Real PCT - Wanted PCT - Time Play
Normal Forward
1 - 32% - 40% - 15:09
2 - 28% - 30% - 13:35
3 - 21% - 20% - 10:12
4 - 19% - 10% - 9:09
Normal Defense
1 - 40% - 40% - 19:06
2 - 34% - 30% - 16:32
3 - 22% - 20% - 10:46
4 - 4% - 10% - 1:41
PP Forward
1 - 52% - 60% - 3:04
2 - 48% - 40% - 2:53
PP Defense
1 - 58% - 60% - 3:28
2 - 42% - 40% - 2:29
PK Forward
1 - 72% - 60% - 4:18
2 - 28% - 40% - 1:40
PK Defense
1 - 56% - 60% - 3:21
2 - 44% - 40% - 2:37
PK3 Forward
1 - 0% - 60%
2 - 0% - 40%
PK3 Defense
1 - 0% - 60%
2 - 0% - 40%
44 Forward
1 - 0% - 60%
2 - 0% - 40%
44 Defense
1 - 0% - 60%
2 - 0% - 40%
Last Minute Offensive - 0:00
Last Minute Defensive - 0:00
Total
Forward - 60:00
Defense - 60:00
|
% Time on Ice - Penguins
Lines # - Real PCT - Wanted PCT - Time Play
Normal Forward
1 - 33% - 40% - 15:56
2 - 26% - 30% - 12:34
3 - 22% - 20% - 10:32
4 - 19% - 10% - 9:03
Normal Defense
1 - 42% - 40% - 20:03
2 - 32% - 30% - 15:09
3 - 21% - 20% - 10:20
4 - 5% - 10% - 2:33
PP Forward
1 - 53% - 60% - 3:09
2 - 47% - 40% - 2:49
PP Defense
1 - 53% - 60% - 3:08
2 - 47% - 40% - 2:50
PK Forward
1 - 78% - 60% - 4:38
2 - 22% - 40% - 1:19
PK Defense
1 - 75% - 60% - 4:28
2 - 25% - 40% - 1:29
PK3 Forward
1 - 0% - 60%
2 - 0% - 40%
PK3 Defense
1 - 0% - 60%
2 - 0% - 40%
44 Forward
1 - 0% - 60%
2 - 0% - 40%
44 Defense
1 - 0% - 60%
2 - 0% - 40%
Last Minute Offensive - 0:00
Last Minute Defensive - 0:00
Total
Forward - 60:00
Defense - 60:00
|
Play-by-Play
1st period
0:01 of 1st period - Sebastian Aho wins face-off versus Boone Jenner in neutral zone.
0:27 of 1st period - Derek Stepan is hit by Mike Lundin and loses puck.
1:24 of 1st period - Dion Phaneuf is hit by Max Reinhart and loses puck.
2:07 of 1st period - Wrist shot by Brendan Gaunce.
2:07 of 1st period - Stopped by Braden Holtby with a rebound.
2:09 of 1st period - Slapshot by Tyler Cuma.
2:09 of 1st period - Stopped by Braden Holtby without a rebound.
2:10 of 1st period - Brendan Gaunce wins face-off versus Sebastian Aho in Penguins zone.
2:37 of 1st period - Snap shot by Brendan Gaunce.
2:37 of 1st period - Stopped by Braden Holtby with a rebound.
2:49 of 1st period - Wrist shot by Mark Scheifele.
2:49 of 1st period - Goal by Mark Scheifele - Sharks : 0 - Penguins : 1.
2:50 of 1st period - Boone Jenner wins face-off versus Max Reinhart in neutral zone.
3:38 of 1st period - Marcus Foligno is hit by Mike Lundin and loses puck.
4:19 of 1st period - Snap shot by Wayne Simmonds.
4:19 of 1st period - Stopped by Braden Holtby without a rebound.
4:20 of 1st period - Brendan Gaunce wins face-off versus Max Reinhart in Penguins zone.
4:25 of 1st period - Slapshot by Daniel Carcillo.
4:25 of 1st period - Stopped by Braden Holtby with a rebound.
4:27 of 1st period - Slapshot by Daniel Carcillo.
4:27 of 1st period - Shot Misses the Net.
4:29 of 1st period - Snap shot by Daniel Carcillo.
4:29 of 1st period - Shot Misses the Net.
4:31 of 1st period - Slapshot by Markus Nutivaara.
4:31 of 1st period - Shot Misses the Net.
4:33 of 1st period - Snap shot by Daniel Carcillo.
4:33 of 1st period - Shot Misses the Net.
4:35 of 1st period - Backhand shot by Markus Nutivaara.
4:35 of 1st period - Shot Blocked by Neal Pionk.
4:45 of 1st period - Neal Pionk is hit by Zach Parise and loses puck.
4:56 of 1st period - Backhand shot by Marcus Johansson.
4:56 of 1st period - Stopped by Philipp Grubauer without a rebound.
4:57 of 1st period - Oscar Sundqvist wins face-off versus Derek Stepan in Sharks zone.
6:27 of 1st period - Slapshot by Oscar Klefbom.
6:27 of 1st period - Deflect By Drew Doughty.
6:27 of 1st period - Stopped by Philipp Grubauer with a rebound.
6:29 of 1st period - Slapshot by Oscar Klefbom.
6:29 of 1st period - Shot Misses the Net.
6:31 of 1st period - Slapshot by Oscar Klefbom.
6:31 of 1st period - Stopped by Philipp Grubauer without a rebound.
6:32 of 1st period - Wayne Simmonds wins face-off versus Derek Stepan in Sharks zone.
7:05 of 1st period - Slapshot by Oscar Sundqvist.
7:05 of 1st period - Shot Hit the Post.
7:19 of 1st period - Snap shot by Marcus Johansson.
7:19 of 1st period - Shot Misses the Net.
7:21 of 1st period - Slapshot by Shea Weber.
7:21 of 1st period - Deflect By Mark Scheifele.
7:21 of 1st period - Stopped by Philipp Grubauer with a rebound.
7:23 of 1st period - Slapshot by Mark Scheifele.
7:23 of 1st period - Shot Misses the Net.
7:27 of 1st period - Snap shot by Marcus Johansson.
7:27 of 1st period - Stopped by Philipp Grubauer with a rebound.
7:42 of 1st period - Icing by Markus Nutivaara.
7:43 of 1st period - Evan Rodrigues wins face-off versus Gustav Nyquist in Sharks zone.
7:50 of 1st period - Snap shot by Dmitrij Jaskin.
7:50 of 1st period - Goal by Dmitrij Jaskin - Sharks : 0 - Penguins : 2.
7:51 of 1st period - Boone Jenner wins face-off versus Sebastian Aho in neutral zone.
7:53 of 1st period - Minor Penalty to Mike Lundin for Slashing.
7:54 of 1st period - Boone Jenner wins face-off versus Sebastian Aho in Sharks zone.
8:06 of 1st period - Snap shot by Sebastian Aho.
8:06 of 1st period - Shot Blocked by Tyler Cuma.
8:08 of 1st period - Slapshot by Nick Leddy.
8:08 of 1st period - Shot Misses the Net.
8:10 of 1st period - Slapshot by Nick Leddy.
8:10 of 1st period - Shot Misses the Net.
8:36 of 1st period - Slapshot by Drew Doughty.
8:36 of 1st period - Stopped by Braden Holtby without a rebound.
8:37 of 1st period - Sebastian Aho wins face-off versus Zach Parise in Penguins zone.
9:53 of 1st period - Penalty to Mike Lundin is over, Mike Lundin is back on ice.
10:05 of 1st period - Pavel Buchnevich is hit by Connor Murphy and loses puck.
10:12 of 1st period - Snap shot by Drew Doughty.
10:12 of 1st period - Shot Blocked by Oscar Klefbom.
10:34 of 1st period - Snap shot by Dmitrij Jaskin.
10:34 of 1st period - Stopped by Philipp Grubauer with a rebound.
10:36 of 1st period - Slapshot by Shea Weber.
10:36 of 1st period - Stopped by Philipp Grubauer with a rebound.
10:46 of 1st period - Pavel Zacha is hit by Mike Lundin and loses puck.
11:15 of 1st period - Snap shot by Conor Sheary.
11:15 of 1st period - Goal by Conor Sheary - Sharks : 1 - Penguins : 2.
11:16 of 1st period - Sebastian Aho wins face-off versus Boone Jenner in neutral zone.
11:43 of 1st period - Marcus Foligno is hit by Dion Phaneuf and loses puck.
11:48 of 1st period - Wrist shot by Oscar Sundqvist.
11:48 of 1st period - Stopped by Braden Holtby without a rebound.
11:49 of 1st period - Conor Sheary wins face-off versus Derek Stepan in Penguins zone.
11:52 of 1st period - Snap shot by Conor Sheary.
11:52 of 1st period - Stopped by Braden Holtby without a rebound.
11:53 of 1st period - Derek Stepan wins face-off versus Oscar Sundqvist in Penguins zone.
12:48 of 1st period - Wrist shot by Tom Wilson.
12:48 of 1st period - Shot Misses the Net.
13:21 of 1st period - Derek Stepan is hit by Oscar Sundqvist and loses puck.
13:24 of 1st period - Minor Penalty to Andreas Martinsen for Hooking.
13:25 of 1st period - Zach Parise wins face-off versus Sebastian Aho in Sharks zone.
13:38 of 1st period - Wrist shot by Marcus Johansson.
13:38 of 1st period - Shot Blocked by Tyler Cuma.
13:40 of 1st period - Wrist shot by Keith Aulie.
13:40 of 1st period - Shot Blocked by Tyler Cuma.
13:42 of 1st period - Snap shot by Marcus Johansson.
13:42 of 1st period - Shot Misses the Net.
14:40 of 1st period - Drew Doughty is hit by Nick Leddy and loses puck.
15:24 of 1st period - Penalty to Andreas Martinsen is over, Andreas Martinsen is back on ice.
16:25 of 1st period - Icing by Shea Weber.
16:26 of 1st period - Evan Rodrigues wins face-off versus Gustav Nyquist in Penguins zone.
17:23 of 1st period - Wrist shot by Pavel Zacha.
17:23 of 1st period - Stopped by Philipp Grubauer with a rebound.
18:08 of 1st period - Off-side.
18:09 of 1st period - Boone Jenner wins face-off versus Derek Stepan in neutral zone.
19:09 of 1st period - Snap shot by Dmitrij Jaskin.
19:09 of 1st period - Stopped by Philipp Grubauer without a rebound.
19:10 of 1st period - Boone Jenner wins face-off versus Evan Rodrigues in Sharks zone.
19:19 of 1st period - Snap shot by Dmitrij Jaskin.
19:19 of 1st period - Stopped by Philipp Grubauer with a rebound.
19:21 of 1st period - Slapshot by Brandon Tanev.
19:21 of 1st period - Stopped by Philipp Grubauer with a rebound.
19:23 of 1st period - Wrist shot by Evan Rodrigues.
19:23 of 1st period - Shot Misses the Net.
19:25 of 1st period - Snap shot by Evan Rodrigues.
19:25 of 1st period - Shot Misses the Net.
19:27 of 1st period - Slapshot by Tyson Barrie.
19:27 of 1st period - Stopped by Philipp Grubauer without a rebound.
19:28 of 1st period - Sebastian Aho wins face-off versus Oscar Sundqvist in Sharks zone.
19:52 of 1st period - Icing by Shea Weber.
19:53 of 1st period - Derek Stepan wins face-off versus Boone Jenner in Penguins zone.
Goals for this period are 1 for Sharks vs 2 for Penguins.
Shots for this period are 9 for Sharks vs 14 for Penguins.
2nd period
0:01 of 2nd period - Sebastian Aho wins face-off versus Boone Jenner in neutral zone.
0:07 of 2nd period - Off-side.
0:08 of 2nd period - Sebastian Aho wins face-off versus Boone Jenner in neutral zone.
0:11 of 2nd period - Slapshot by Sebastian Aho.
0:11 of 2nd period - Shot Misses the Net.
0:13 of 2nd period - Slapshot by Marcus Johansson.
0:13 of 2nd period - Goal by Marcus Johansson - Sharks : 1 - Penguins : 3.
0:14 of 2nd period - Boone Jenner wins face-off versus Sebastian Aho in neutral zone.
1:09 of 2nd period - Wrist shot by Boone Jenner.
1:09 of 2nd period - Shot Misses the Net.
1:11 of 2nd period - Snap shot by Mike Lundin.
1:11 of 2nd period - Stopped by Braden Holtby with a rebound.
1:13 of 2nd period - Wrist shot by Boone Jenner.
1:13 of 2nd period - Stopped by Braden Holtby with a rebound.
1:25 of 2nd period - Off-side.
1:26 of 2nd period - Sebastian Aho wins face-off versus Oscar Sundqvist in neutral zone.
1:41 of 2nd period - Snap shot by Marcus Johansson.
1:41 of 2nd period - Shot Misses the Net.
2:59 of 2nd period - Backhand shot by Brandon Tanev.
2:59 of 2nd period - Stopped by Philipp Grubauer without a rebound.
3:00 of 2nd period - Sebastian Aho wins face-off versus Brendan Gaunce in Sharks zone.
3:45 of 2nd period - Slapshot by Drew Doughty.
3:45 of 2nd period - Shot Blocked by Tom Wilson.
3:47 of 2nd period - Wrist shot by Conor Sheary.
3:47 of 2nd period - Shot Blocked by Tyson Barrie.
3:49 of 2nd period - Snap shot by Mike Lundin.
3:49 of 2nd period - Stopped by Braden Holtby with a rebound.
3:51 of 2nd period - Slapshot by Drew Doughty.
3:51 of 2nd period - Stopped by Braden Holtby without a rebound.
3:52 of 2nd period - Sebastian Aho wins face-off versus Oscar Sundqvist in Penguins zone.
4:01 of 2nd period - Snap shot by Oscar Sundqvist.
4:01 of 2nd period - Deflect By Andreas Martinsen.
4:01 of 2nd period - Shot Blocked by Sebastian Aho.
4:01 of 2nd period - Puck is out of play.
4:02 of 2nd period - Sebastian Aho wins face-off versus Andreas Martinsen in Penguins zone.
4:07 of 2nd period - Andreas Martinsen is hit by Sebastian Aho.
5:10 of 2nd period - Minor Penalty to Oscar Sundqvist for Hooking.
5:11 of 2nd period - Boone Jenner wins face-off versus Derek Stepan in Sharks zone.
6:16 of 2nd period - Slapshot by Brendan Gaunce.
6:16 of 2nd period - Stopped by Braden Holtby with a rebound.
6:54 of 2nd period - Mike Lundin is hit by Max Reinhart and loses puck.
7:05 of 2nd period - Keith Aulie is hit by Mike Lundin.
7:09 of 2nd period - Zach Parise is hit by Sebastian Aho and loses puck.
7:10 of 2nd period - Penalty to Oscar Sundqvist is over, Oscar Sundqvist is back on ice.
7:24 of 2nd period - Slapshot by Evan Rodrigues.
7:24 of 2nd period - Goal by Evan Rodrigues - Sharks : 1 - Penguins : 4.
7:24 of 2nd period - Malcolm Subban enters game.
7:25 of 2nd period - Oscar Sundqvist wins face-off versus Derek Stepan in neutral zone.
8:12 of 2nd period - Slapshot by Drew Doughty.
8:12 of 2nd period - Shot Blocked by Tom Wilson.
8:14 of 2nd period - Snap shot by Vince Hinostroza.
8:14 of 2nd period - Stopped by Braden Holtby with a rebound.
9:16 of 2nd period - Off-side.
9:17 of 2nd period - Boone Jenner wins face-off versus Evan Rodrigues in neutral zone.
9:42 of 2nd period - Daniel Carcillo is hit by Mark Scheifele and loses puck.
10:28 of 2nd period - Wrist shot by Neal Pionk.
10:28 of 2nd period - Stopped by Malcolm Subban with a rebound.
10:30 of 2nd period - Slapshot by Neal Pionk.
10:30 of 2nd period - Deflect By Max Reinhart.
10:30 of 2nd period - Stopped by Malcolm Subban with a rebound.
10:56 of 2nd period - Wrist shot by Gustav Nyquist.
10:56 of 2nd period - Shot Misses the Net.
10:58 of 2nd period - Wrist shot by Brandon Kozun.
10:58 of 2nd period - Shot Misses the Net.
11:00 of 2nd period - Wrist shot by Brandon Kozun.
11:00 of 2nd period - Shot Blocked by Dmitrij Jaskin.
11:02 of 2nd period - Wrist shot by Vince Hinostroza.
11:02 of 2nd period - Shot Misses the Net.
11:04 of 2nd period - Slapshot by Brandon Kozun.
11:04 of 2nd period - Stopped by Braden Holtby without a rebound.
11:04 of 2nd period - Minor Penalty to Braden Holtby for Slashing.
11:05 of 2nd period - Mark Scheifele wins face-off versus Boone Jenner in Penguins zone.
11:30 of 2nd period - Snap shot by Conor Sheary.
11:30 of 2nd period - Stopped by Braden Holtby with a rebound.
12:26 of 2nd period - Mike Lundin is hit by Marcus Foligno and loses puck.
13:04 of 2nd period - Penalty to Keith Aulie is over, Keith Aulie is back on ice.
14:25 of 2nd period - Conor Sheary is hit by Pavel Buchnevich and loses puck.
14:42 of 2nd period - Pavel Zacha is hit by Drew Doughty and loses puck.
14:53 of 2nd period - Markus Nutivaara is hit by Marcus Johansson.
14:57 of 2nd period - Connor Murphy is hit by Sebastian Aho and loses puck.
15:26 of 2nd period - Daniel Carcillo is hit by Pavel Buchnevich and loses puck.
15:45 of 2nd period - Pavel Zacha is hit by Gustav Nyquist and loses puck.
16:03 of 2nd period - Conor Sheary is hit by Shea Weber.
16:26 of 2nd period - Gustav Nyquist is hit by Oscar Klefbom and loses puck.
16:51 of 2nd period - Snap shot by Brendan Gaunce.
16:51 of 2nd period - Deflect By Daniel Carcillo.
16:51 of 2nd period - Stopped by Braden Holtby with a rebound.
16:53 of 2nd period - Snap shot by Brendan Gaunce.
16:53 of 2nd period - Stopped by Braden Holtby with a rebound.
16:55 of 2nd period - Backhand shot by Daniel Carcillo.
16:55 of 2nd period - Stopped by Braden Holtby without a rebound.
16:56 of 2nd period - Sebastian Aho wins face-off versus Boone Jenner in Penguins zone.
17:01 of 2nd period - Nick Leddy is hit by Wayne Simmonds and loses puck.
17:49 of 2nd period - Snap shot by Gustav Nyquist.
17:49 of 2nd period - Shot Misses the Net.
17:51 of 2nd period - Wrist shot by Brandon Kozun.
17:51 of 2nd period - Stopped by Braden Holtby with a rebound.
18:53 of 2nd period - Wrist shot by Andreas Martinsen.
18:53 of 2nd period - Shot Misses the Net.
18:55 of 2nd period - Snap shot by Markus Nutivaara.
18:55 of 2nd period - Shot Misses the Net.
18:57 of 2nd period - Slapshot by Markus Nutivaara.
18:57 of 2nd period - Shot Misses the Net.
19:07 of 2nd period - Neal Pionk is hit by Gustav Nyquist and loses puck.
19:36 of 2nd period - Snap shot by Dmitrij Jaskin.
19:36 of 2nd period - Shot Misses the Net.
19:38 of 2nd period - Slapshot by Dmitrij Jaskin.
19:38 of 2nd period - Stopped by Malcolm Subban with a rebound.
19:42 of 2nd period - Snap shot by Dmitrij Jaskin.
19:42 of 2nd period - Shot Misses the Net.
19:44 of 2nd period - Snap shot by Dmitrij Jaskin.
19:44 of 2nd period - Stopped by Malcolm Subban without a rebound.
19:45 of 2nd period - Sebastian Aho wins face-off versus Boone Jenner in Sharks zone.
Goals for this period are 0 for Sharks vs 2 for Penguins.
Shots for this period are 12 for Sharks vs 7 for Penguins.
3rd period
0:01 of 3rd period - Marcus Johansson wins face-off versus Boone Jenner in neutral zone.
0:06 of 3rd period - Snap shot by Marcus Johansson.
0:06 of 3rd period - Shot Misses the Net.
0:08 of 3rd period - Slapshot by Marcus Johansson.
0:08 of 3rd period - Stopped by Malcolm Subban with a rebound.
0:10 of 3rd period - Slapshot by Mark Scheifele.
0:10 of 3rd period - Stopped by Malcolm Subban without a rebound.
0:11 of 3rd period - Boone Jenner wins face-off versus Sebastian Aho in Sharks zone.
0:15 of 3rd period - Off-side.
0:16 of 3rd period - Sebastian Aho wins face-off versus Boone Jenner in neutral zone.
0:47 of 3rd period - Drew Doughty is hit by Marcus Foligno and loses puck.
0:54 of 3rd period - Snap shot by Marcus Foligno.
0:54 of 3rd period - Stopped by Malcolm Subban with a rebound.
2:18 of 3rd period - Snap shot by Marcus Johansson.
2:18 of 3rd period - Shot Misses the Net.
2:20 of 3rd period - Wrist shot by Mark Scheifele.
2:20 of 3rd period - Shot Blocked by Tyler Cuma.
2:22 of 3rd period - Wrist shot by Sebastian Aho.
2:22 of 3rd period - Stopped by Malcolm Subban without a rebound.
2:23 of 3rd period - Boone Jenner wins face-off versus Derek Stepan in Sharks zone.
3:17 of 3rd period - Wrist shot by Beau Bennett.
3:17 of 3rd period - Stopped by Braden Holtby without a rebound.
3:18 of 3rd period - Sebastian Aho wins face-off versus Zach Parise in Penguins zone.
3:23 of 3rd period - Slapshot by Keith Aulie.
3:23 of 3rd period - Deflect By Mark Scheifele.
3:23 of 3rd period - Shot Blocked by Wayne Simmonds.
3:23 of 3rd period - Puck is out of play.
3:24 of 3rd period - Boone Jenner wins face-off versus Sebastian Aho in Sharks zone.
3:39 of 3rd period - Snap shot by Mark Scheifele.
3:39 of 3rd period - Shot Blocked by Zach Parise.
4:34 of 3rd period - Snap shot by Derek Stepan.
4:34 of 3rd period - Stopped by Malcolm Subban with a rebound.
4:36 of 3rd period - Snap shot by Derek Stepan.
4:36 of 3rd period - Shot Blocked by Mike Lundin.
4:38 of 3rd period - Snap shot by Pavel Zacha.
4:38 of 3rd period - Shot Blocked by Brandon Kozun.
4:40 of 3rd period - Snap shot by Marcus Foligno.
4:40 of 3rd period - Shot Misses the Net.
4:42 of 3rd period - Slapshot by Derek Stepan.
4:42 of 3rd period - Stopped by Malcolm Subban with a rebound.
4:44 of 3rd period - Slapshot by Marcus Foligno.
4:44 of 3rd period - Deflect By Vince Hinostroza.
4:44 of 3rd period - Shot Misses the Net.
4:44 of 3rd period - Puck is out of play.
4:45 of 3rd period - Sebastian Aho wins face-off versus Boone Jenner in Sharks zone.
4:50 of 3rd period - Snap shot by Marcus Johansson.
4:50 of 3rd period - Stopped by Malcolm Subban with a rebound.
4:52 of 3rd period - Wrist shot by Marcus Johansson.
4:52 of 3rd period - Shot Blocked by Zach Parise.
4:54 of 3rd period - Snap shot by Nick Leddy.
4:54 of 3rd period - Stopped by Malcolm Subban with a rebound.
4:56 of 3rd period - Slapshot by Marcus Johansson.
4:56 of 3rd period - Stopped by Malcolm Subban with a rebound.
4:58 of 3rd period - Snap shot by Mark Scheifele.
4:58 of 3rd period - Shot Blocked by Boone Jenner.
5:00 of 3rd period - Snap shot by Nick Leddy.
5:00 of 3rd period - Shot Blocked by Dion Phaneuf.
5:02 of 3rd period - Snap shot by Sebastian Aho.
5:02 of 3rd period - Shot Blocked by Tyler Cuma.
5:12 of 3rd period - Derek Stepan is hit by Conor Sheary and loses puck.
5:33 of 3rd period - Snap shot by Vince Hinostroza.
5:33 of 3rd period - Shot Blocked by Oscar Klefbom.
5:35 of 3rd period - Snap shot by Brandon Kozun.
5:35 of 3rd period - Shot Misses the Net.
5:37 of 3rd period - Slapshot by Markus Nutivaara.
5:37 of 3rd period - Shot Misses the Net.
5:39 of 3rd period - Slapshot by Gustav Nyquist.
5:39 of 3rd period - Shot Blocked by Oscar Klefbom.
5:41 of 3rd period - Snap shot by Gustav Nyquist.
5:41 of 3rd period - Goal by Gustav Nyquist - Sharks : 2 - Penguins : 4.
5:42 of 3rd period - Boone Jenner wins face-off versus Sebastian Aho in neutral zone.
5:47 of 3rd period - Slapshot by Drew Doughty.
5:47 of 3rd period - Stopped by Braden Holtby with a rebound.
6:07 of 3rd period - Keith Aulie is hit by Brendan Gaunce and loses puck.
6:42 of 3rd period - Minor Penalty to Andreas Martinsen for Tripping.
6:43 of 3rd period - Sebastian Aho wins face-off versus Boone Jenner in Sharks zone.
6:43 of 3rd period - Wrist shot by Mark Scheifele.
6:43 of 3rd period - Goal by Mark Scheifele - Sharks : 2 - Penguins : 5.
6:44 of 3rd period - Sebastian Aho wins face-off versus Boone Jenner in neutral zone.
7:09 of 3rd period - Conor Sheary is hit by Nick Leddy.
7:13 of 3rd period - Oscar Klefbom is hit by Oscar Sundqvist and loses puck.
7:18 of 3rd period - Snap shot by Oscar Sundqvist.
7:18 of 3rd period - Shot Blocked by Pavel Zacha.
7:20 of 3rd period - Wrist shot by Oscar Sundqvist.
7:20 of 3rd period - Shot Misses the Net.
7:26 of 3rd period - Minor Penalty to Pavel Zacha for Interference.
7:27 of 3rd period - Mark Scheifele wins face-off versus Boone Jenner in Penguins zone.
9:03 of 3rd period - Derek Stepan is hit by Wayne Simmonds and loses puck.
9:26 of 3rd period - Penalty to Pavel Zacha is over, Pavel Zacha is back on ice.
9:38 of 3rd period - Off-side.
9:39 of 3rd period - Brendan Gaunce wins face-off versus Pavel Buchnevich in neutral zone.
9:44 of 3rd period - Slapshot by Markus Nutivaara.
9:44 of 3rd period - Stopped by Braden Holtby without a rebound.
9:45 of 3rd period - Derek Stepan wins face-off versus Brendan Gaunce in Penguins zone.
10:33 of 3rd period - Conor Sheary is hit by Max Reinhart and loses puck.
10:43 of 3rd period - Markus Nutivaara is hit by Keith Aulie and loses puck.
11:02 of 3rd period - Icing by Dmitrij Jaskin.
11:03 of 3rd period - Boone Jenner wins face-off versus Evan Rodrigues in Penguins zone.
11:06 of 3rd period - Wrist shot by Wayne Simmonds.
11:06 of 3rd period - Shot Misses the Net.
11:08 of 3rd period - Slapshot by Drew Doughty.
11:08 of 3rd period - Shot Misses the Net.
11:10 of 3rd period - Slapshot by Drew Doughty.
11:10 of 3rd period - Shot Misses the Net.
11:28 of 3rd period - Evan Rodrigues is hit by Brendan Gaunce.
11:32 of 3rd period - Daniel Carcillo is hit by Oscar Klefbom and loses puck.
12:07 of 3rd period - Wrist shot by Dmitrij Jaskin.
12:07 of 3rd period - Stopped by Malcolm Subban without a rebound.
12:08 of 3rd period - Boone Jenner wins face-off versus Sebastian Aho in Sharks zone.
12:08 of 3rd period - Boone Jenner is hit by Marcus Johansson.
12:38 of 3rd period - Marcus Foligno is hit by Conor Sheary and loses puck.
13:18 of 3rd period - Slapshot by Mark Scheifele.
13:18 of 3rd period - Shot Misses the Net.
13:20 of 3rd period - Slapshot by Neal Pionk.
13:20 of 3rd period - Stopped by Malcolm Subban without a rebound.
13:21 of 3rd period - Oscar Sundqvist wins face-off versus Derek Stepan in Sharks zone.
13:45 of 3rd period - Icing by Mike Lundin.
13:46 of 3rd period - Oscar Sundqvist wins face-off versus Sebastian Aho in Sharks zone.
14:00 of 3rd period - Wrist shot by Boone Jenner.
14:00 of 3rd period - Stopped by Braden Holtby with a rebound.
14:12 of 3rd period - Dion Phaneuf is hit by Marcus Foligno and loses puck.
14:43 of 3rd period - Slapshot by Oscar Sundqvist.
14:43 of 3rd period - Stopped by Braden Holtby with a rebound.
16:00 of 3rd period - Wrist shot by Boone Jenner.
16:00 of 3rd period - Stopped by Braden Holtby without a rebound.
16:01 of 3rd period - Boone Jenner wins face-off versus Max Reinhart in Penguins zone.
16:33 of 3rd period - Wrist shot by Max Reinhart.
16:33 of 3rd period - Shot Misses the Net.
16:41 of 3rd period - Snap shot by Wayne Simmonds.
16:41 of 3rd period - Shot Misses the Net.
16:43 of 3rd period - Snap shot by Zach Parise.
16:43 of 3rd period - Goal by Zach Parise - Sharks : 3 - Penguins : 5.
16:44 of 3rd period - Brendan Gaunce wins face-off versus Marcus Johansson in neutral zone.
16:53 of 3rd period - Snap shot by Brendan Gaunce.
16:53 of 3rd period - Stopped by Braden Holtby without a rebound.
16:54 of 3rd period - Brendan Gaunce wins face-off versus Sebastian Aho in Penguins zone.
16:57 of 3rd period - Wrist shot by Beau Bennett.
16:57 of 3rd period - Shot Blocked by Sebastian Aho.
16:59 of 3rd period - Slapshot by Drew Doughty.
16:59 of 3rd period - Shot Blocked by Nick Leddy.
17:01 of 3rd period - Wrist shot by Daniel Carcillo.
17:01 of 3rd period - Deflect By Oscar Klefbom.
17:01 of 3rd period - Shot Hit the Post.
17:01 of 3rd period - Puck is out of play.
17:02 of 3rd period - Brendan Gaunce wins face-off versus Max Reinhart in Penguins zone.
17:07 of 3rd period - Snap shot by Drew Doughty.
17:07 of 3rd period - Shot Blocked by Tom Wilson.
17:09 of 3rd period - Minor Penalty to Tom Wilson for Hooking.
17:10 of 3rd period - Mark Scheifele wins face-off versus Boone Jenner in Penguins zone.
17:19 of 3rd period - Slapshot by Drew Doughty.
17:19 of 3rd period - Shot Blocked by Keith Aulie.
17:35 of 3rd period - Marcus Foligno is hit by Mike Lundin and loses puck.
19:09 of 3rd period - Penalty to Tom Wilson is over, Tom Wilson is back on ice.
19:42 of 3rd period - Markus Nutivaara is hit by Shea Weber.
Goals for this period are 2 for Sharks vs 1 for Penguins.
Shots for this period are 9 for Sharks vs 12 for Penguins.